Map: Lava Flow

Players

Patience

  • Race: Protoss Protoss
  • Spawn Location: 6:00

FeaR

  • Race: Protoss Protoss
  • League: Master
  • Spawn Location: 11:00

Elazer

  • Race: Zerg Zerg
  • League: Master
  • Spawn Location: 5:00

PtitDrogo

  • Race: Protoss Protoss
  • League: Master
  • Spawn Location: 7:00

Socke

  • Race: Protoss Protoss
  • League: Master
  • Spawn Location: 12:00

DeMusliM

  • Race: Terran Terran
  • League: Grandmaster
  • Spawn Location: 0:00

Neeblet (Neeb)

  • Race: Protoss Protoss
  • League: Master
  • Spawn Location: 0:00

Stats - Winner!

  • Race: Protoss Protoss
  • League: Master
  • Spawn Location: 3:00

Event: HomeStory Cup XVI

VOD

Have the link to the VOD?

Description

Time

  • Played on: Nov. 11, 2017, 11:53 a.m.
  • Length: 41:11
Show
View Real Time Build Order
Export as new Build Order

Patience Protoss 

Build Orders: Dark Templar Rush 

Get SALT Encoding   

  12  0:02  Probe (Chrono Boost)  
  14  0:14  Probe (Chrono Boost)  
  14  0:19  Pylon  
  14  0:27  Probe (Chrono Boost)  
  15  0:34  Probe (Chrono Boost)  
  15  0:42  Probe (Chrono Boost)  
  16  0:46  Gateway  
  17  0:51  Assimilator  
  17  0:54  Probe (Chrono Boost)  
  18  0:58  Assimilator  
  18  1:06  Probe (Chrono Boost)  
  20  1:18  Probe (Chrono Boost)  
  20  1:19  Pylon  
  20  1:30  Probe (Chrono Boost)  
  21  1:37  Cybernetics Core  
  21  1:43  Probe (Chrono Boost)  
  23  1:55  Probe (Chrono Boost)  
  23  1:56  Warp Gate  
  23  2:04  Stalker  
  23  2:07  Probe (Chrono Boost)  
  26  2:21  Probe (Chrono Boost)  
  27  2:25  Twilight Council  
  27  2:33  Pylon  
  27  2:34  Stalker  
  29  2:42  Probe (Chrono Boost)  
  30  2:46  Shield Battery  
  30  2:48  Pylon  
  29  3:04  Stalker  
  31  3:06  Dark Shrine  
  31  3:18  Gateway  
  31  3:19  Gateway  
  31  3:27  Pylon  
  31  3:39  Shield Battery  
  31  3:41  Pylon  
  34  3:49  Probe (Chrono Boost)  
  34  3:55  Robotics Facility  
  31  3:58  Stalker  
  33  4:16  Stalker  
  34  4:17  Stalker  
  36  4:25  Dark Templar  
  38  4:41  Dark Templar  
  38  4:42  Dark Templar  
  38  4:55  Probe (Chrono Boost)  
  37  5:06  Dark Templar  
  39  5:16  Zealot, Stalker  
  39  5:29  Immortal  
  39  5:31  Zealot  
  42  5:55  Pylon  
  33  6:16  Zealot  
  33  6:18  Zealot  
  33  6:25  Probe (Chrono Boost)  
  34  6:39  Zealot x2  
  38  6:43  Probe (Chrono Boost)  
  36  7:01  Probe (Chrono Boost)  
  36  7:04  Observer  
  35  7:14  Zealot  
  27  7:33  Zealot  
  30  7:51  Probe (Chrono Boost)  
  31  8:07  Probe (Chrono Boost)  
  31  8:19  Probe (Chrono Boost)  
  32  8:26  Probe (Chrono Boost)  
  33  8:35  Probe (Chrono Boost)  
  34  8:47  Probe (Chrono Boost)  
  35  9:00  Probe (Chrono Boost)  
  36  9:12  Probe (Chrono Boost)  
  38  9:24  Probe (Chrono Boost)  
  38  9:32  Probe (Chrono Boost)  
  39  9:43  Pylon  
  39  9:46  Pylon  
  39  10:03  Probe (Chrono Boost)  
  40  10:09  Warp Prism  
  41  10:15  Probe (Chrono Boost)  
  43  10:27  Probe (Chrono Boost)  
  44  10:39  Probe (Chrono Boost)  
  46  10:51  Probe (Chrono Boost)  
  46  11:03  Probe (Chrono Boost)  
  47  11:08  Nexus  
  45  11:15  Probe (Chrono Boost)  
  45  11:17  Dark Templar x2  
  40  11:27  Probe (Chrono Boost)  
Show
View Real Time Build Order
Export as new Build Order

FeaR Protoss 

Build Orders:  

Get SALT Encoding   

  12  0:02  Probe (Chrono Boost)  
  14  0:14  Probe (Chrono Boost)  
  14  0:17  Pylon  
  14  0:26  Probe (Chrono Boost)  
  15  0:32  Probe (Chrono Boost)  
  15  0:38  Gateway  
  15  0:41  Probe (Chrono Boost)  
  17  0:52  Assimilator  
  17  0:53  Probe (Chrono Boost)  
  18  0:57  Assimilator  
  19  1:05  Probe (Chrono Boost)  
  19  1:08  Pylon  
  19  1:17  Probe (Chrono Boost)  
  20  1:26  Cybernetics Core  
  20  1:29  Probe (Chrono Boost)  
  21  1:33  Zealot  
  24  1:41  Probe (Chrono Boost)  
  24  1:46  Pylon  
  24  1:49  Stalker  
  24  1:53  Probe (Chrono Boost)  
  25  2:04  Warp Gate  
  25  2:05  Probe (Chrono Boost)  
  25  2:06  Pylon  
  25  2:08  Shield Battery  
  28  2:12  Stalker  
  28  2:18  Probe (Chrono Boost)  
  31  2:25  Shield Battery  
  31  2:26  Shield Battery  
  31  2:42  Stalker  
  31  3:02  Robotics Facility  
  31  3:09  Pylon  
  31  3:12  Stalker  
  34  3:21  Probe (Chrono Boost)  
  35  3:37  Gateway  
  35  3:38  Gateway  
  34  3:43  Pylon  
  34  3:44  Warp Prism  
  34  3:52  Robotics Bay  
  36  4:02  Pylon  
  36  4:09  Stalker  
  38  4:20  Observer  
  40  4:24  Probe (Chrono Boost)  
  39  4:32  Zealot x2  
  39  4:34  Zealot  
  39  4:36  Probe (Chrono Boost)  
  39  4:38  Pylon  
  44  4:47  Disruptor  
  44  4:50  Shield Battery, Probe (Chrono Boost)  
  44  4:52  Shield Battery  
  45  5:03  Probe (Chrono Boost)  
  40  5:23  Disruptor, Probe (Chrono Boost)  
  44  5:29  Stalker  
  44  5:34  Pylon  
  46  5:50  Disruptor  
  43  6:08  Probe (Chrono Boost)  
  43  6:20  Probe (Chrono Boost)  
  43  6:24  Sentry  
  46  6:26  Zealot  
  46  6:27  Observer  
  46  6:28  Nexus  
  46  6:29  Pylon  
  50  6:34  Probe (Chrono Boost)  
  50  6:46  Probe (Chrono Boost)  
  51  6:58  Disruptor, Probe (Chrono Boost)  
  55  7:01  Forge  
  55  7:10  Probe (Chrono Boost)  
  57  7:23  Probe (Chrono Boost)  
  57  7:30  Shield Battery  
  57  7:33  Disruptor  
  57  7:35  Probe (Chrono Boost)  
  61  7:41  Shield Battery  
  61  7:42  Shield Battery, Probe (Chrono Boost)  
  62  7:47  Probe (Chrono Boost)  
  63  7:54  Probe (Chrono Boost)  
  65  7:59  Probe (Chrono Boost)  
  65  8:02  Twilight Council  
  66  8:06  Probe (Chrono Boost)  
  66  8:11  Probe (Chrono Boost)  
  67  8:20  Stalker x3  
  67  8:26  Probe (Chrono Boost)  
  74  8:36  Probe (Chrono Boost)  
  74  8:40  Probe (Chrono Boost)  
  76  8:43  Zealot  
  78  8:54  Zealot x2  
  72  8:59  Disruptor  
  60  9:06  Probe (Chrono Boost)  
  56  9:15  Stalker  
  56  9:16  Stalker x2  
  54  9:27  Probe (Chrono Boost)  
  54  9:28  Assimilator  
  55  9:32  Assimilator  
  53  9:41  Shield Battery  
  53  9:43  Shield Battery  
  53  9:44  Stalker x2  
  57  9:45  Pylon  
  57  9:47  Pylon  
  57  9:48  Stalker  
  57  9:51  Observer  
  60  9:55  Blink  
  60  10:19  Stalker x3  
  65  10:47  Probe (Chrono Boost)  
  65  10:49  Protoss Ground Weapons Level 1  
  62  10:50  Stalker x3  
  70  10:57  Observer  
  70  11:02  Gateway  
  70  11:09  Gateway  
  70  11:10  Gateway  
  67  11:14  Stalker x3  
  66  11:37  Probe x2 (Chrono Boost)  
  66  11:38  Disruptor  
  66  11:39  Stalker x2  
  75  11:40  Stalker  
  77  11:51  Dark Shrine  
  67  12:11  Stalker x4  
  67  12:12  Stalker  
  74  12:33  Probe (Chrono Boost)  
  62  12:37  Stalker x5  
  72  12:50  Nexus  
  72  13:04  Stalker x3  
  78  13:27  Stalker x4  
  82  13:28  Stalker  
  88  13:38  Disruptor  
  88  13:40  Stalker  
  88  13:41  Protoss Ground Weapons Level 2  
  93  14:07  Pylon  
  93  14:08  Probe x3 (Chrono Boost)  
  93  14:14  Disruptor  
  93  14:15  Probe x3 (Chrono Boost)  
  102  14:27  Probe x3 (Chrono Boost)  
  105  14:35  Assimilator  
  107  14:38  Assimilator  
  107  14:39  Probe x2 (Chrono Boost)  
  107  14:41  Dark Templar x2, Probe (Chrono Boost)  
  112  14:49  Photon Cannon  
  112  14:50  Disruptor  
  115  15:01  Photon Cannon  
  115  15:02  Photon Cannon  
  115  15:19  Stalker x3  
  117  15:23  Pylon  
  117  15:25  Pylon  
  117  15:26  Pylon  
  109  15:31  Stalker  
  109  15:32  Stalker x2  
Show
View Real Time Build Order
Export as new Build Order

Elazer Zerg 

Build Orders: Pool First 

Get SALT Encoding   

  12  0:00  Drone  
  13  0:12  Overlord  
  13  0:17  Drone  
  14  0:30  Drone x2  
  14  0:34  Drone  
  17  0:51  Drone  
  17  0:52  Evolution Chamber  
  17  0:56  Extractor, Drone  
  17  1:07  Spawning Pool, Drone  
  17  1:17  Drone  
  18  1:28  Drone  
  19  1:46  Drone  
  20  1:58  Hatchery  
  20  2:00  Hatchery  
  18  2:04  Drone  
  18  2:06  Drone  
  20  2:16  Zergling x2  
  21  2:24  Overlord  
  21  2:27  Queen  
  21  2:28  Extractor  
  23  2:47  Drone x2  
  25  2:58  Drone  
  25  3:08  Drone  
  25  3:10  Drone  
  25  3:11  Queen  
  29  3:13  Queen  
  29  3:14  Drone  
  29  3:16  Drone  
  33  3:21  Drone  
  33  3:23  Drone  
  33  3:26  Drone  
  36  3:28  Lair  
  36  3:31  Drone  
  36  3:33  Drone  
  38  3:36  Drone  
  39  3:42  Overlord  
  39  3:43  Drone x2  
  41  3:53  Overlord  
  41  3:56  Extractor  
  41  3:57  Drone  
  41  4:00  Drone x2  
  41  4:01  Drone x2  
  45  4:03  Drone  
  45  4:06  Drone  
  47  4:10  Drone  
  47  4:14  Overlord  
  47  4:17  Drone  
  49  4:18  Drone x2  
  49  4:20  Drone  
  49  4:22  Drone x5  
  57  4:28  Zerg Missile Weapons Level 1, Infestation Pit  
  57  4:30  Overlord  
  56  4:32  Drone  
  56  4:33  Extractor  
  56  4:34  Drone  
  56  4:36  Drone  
  56  4:38  Drone  
  54  4:45  Drone x2  
  54  4:47  Drone  
  54  4:50  Drone x2  
  54  4:51  Drone x3  
  60  4:58  Drone x4  
  60  4:59  Drone  
  65  5:00  Hydralisk Den  
  65  5:02  Overlord  
  65  5:03  Extractor  
  65  5:04  Drone  
  64  5:12  Extractor x2  
  64  5:13  Overlord  
  62  5:14  Drone x2  
  62  5:17  Drone  
  62  5:19  Drone x2  
  62  5:21  Spine Crawler  
  66  5:22  Drone x2  
  66  5:23  Spine Crawler, Drone  
  68  5:29  Overlord  
  68  5:32  Overlord  
  68  5:42  Drone x3  
  71  5:43  Drone x3  
  73  5:54  Drone x2  
  73  5:55  Drone x2  
  74  6:02  Infestor x4  
  74  6:09  Lair  
  74  6:10  Drone  
  65  6:23  Overlord  
  65  6:24  Drone x3  
  68  6:29  Spore Crawler  
  68  6:30  Spore Crawler  
  66  6:33  Spore Crawler  
  66  6:36  Spore Crawler, Infestor x2  
  68  6:41  Spore Crawler x2  
  68  6:43  Spore Crawler  
  68  6:45  Spore Crawler  
  68  6:46  Spore Crawler  
  63  6:47  Spore Crawler  
  63  6:49  Spore Crawler  
  63  6:50  Burrow, Overlord  
  63  6:51  Drone x2  
  63  6:52  Drone  
  64  6:55  Spore Crawler  
  64  6:57  Spore Crawler  
  64  6:58  Spore Crawler  
  64  6:59  Infestor  
  63  7:02  Overlord  
  63  7:04  Drone  
  64  7:11  Infestation Pit  
  63  7:18  Spawning Pool  
  62  7:25  Drone x2  
  62  7:26  Drone  
  65  7:39  Evolution Chamber x2  
  63  7:47  Hive  
  63  7:50  Infestor  
  65  7:58  Drone x5  
  68  8:00  Drone  
  68  8:04  Zerg Missile Weapons Level 2, Zerg Ground Armor Level 1  
  71  8:09  Spore Crawler  
  71  8:10  Spore Crawler  
  71  8:12  Spore Crawler  
  68  8:13  Spore Crawler x2  
  68  8:14  Spore Crawler  
  68  8:15  Neural Parasite  
  65  8:24  Spore Crawler  
  65  8:25  Spore Crawler  
  65  8:26  Spore Crawler  
  62  8:29  Spore Crawler  
  62  8:30  Infestor  
  63  8:39  Drone x3  
  66  8:43  Infestor  
  68  9:07  Drone x2  
  68  9:08  Drone  
  71  9:13  Spore Crawler x2  
  71  9:15  Spore Crawler  
  71  9:16  Spore Crawler  
  67  9:18  Spore Crawler  
  67  9:20  Spore Crawler x2  
  64  9:28  Pneumatized Carapace  
  64  9:37  Infestor x2  
  64  9:38  Infestor  
  70  9:49  Infestor  
  70  9:51  Drone x6  
  70  9:52  Drone x3  
  81  10:02  Hatchery  
  80  10:09  Drone  
  80  10:10  Drone x2  
  81  10:29  Zerg Missile Weapons Level 3, Zerg Ground Armor Level 2  
  81  10:44  Hatchery  
  80  10:51  Spore Crawler x2  
  80  10:54  Drone x2  
  80  10:55  Drone x4  
  84  10:57  Spore Crawler  
  84  10:58  Spore Crawler  
  84  11:00  Drone x4  
  84  11:01  Drone  
  87  11:14  Infestor x3  
  93  11:26  Extractor  
  93  11:31  Extractor  
  91  11:35  Infestor  
  93  11:41  Infestor  
  93  11:43  Overlord  
  95  12:20  Infestor x3  
  101  12:25  Infestor  
  103  12:30  Hatchery  
  102  12:40  Infestor x2  
  108  12:59  Zerg Ground Armor Level 3  
  106  13:07  Spore Crawler x2  
  106  13:09  Spore Crawler x2  
  106  13:10  Spore Crawler  
  106  13:11  Spore Crawler  
  100  13:12  Spore Crawler  
  100  13:14  Spore Crawler, Infestor  
  100  13:15  Spore Crawler  
  100  13:16  Spore Crawler  
  96  13:25  Infestor x2  
  100  13:29  Drone x3  
  103  13:34  Spore Crawler  
  103  13:36  Drone x2  
  103  13:37  Spore Crawler, Drone x3  
  103  13:39  Spore Crawler  
  105  13:41  Spore Crawler, Infestor  
  105  13:42  Spore Crawler x2  
  104  13:50  Infestor  
  106  13:57  Drone x2  
  106  13:58  Drone  
  106  13:59  Drone x4  
  106  14:02  Drone x4  
  117  14:03  Drone  
  117  14:10  Extractor  
  117  14:15  Extractor  
  115  14:18  Drone x2  
  115  14:19  Infestor  
  115  14:22  Drone x5  
  121  14:35  Hatchery  
  121  14:38  Drone x3  
  123  14:44  Infestor x3  
  129  14:48  Drone  
  129  14:50  Overlord x2  
  129  14:51  Overlord  
  130  15:08  Extractor  
  130  15:09  Extractor  
  109  15:54  Infestor x7  
  123  16:00  Drone x3  
  126  16:05  Infestor x8  
  126  16:08  Drone x3  
  129  16:14  Hatchery  
  128  16:19  Infestor x2  
  128  16:20  Infestor  
  128  16:24  Spore Crawler  
  133  16:27  Infestor x3  
  136  16:42  Infestor  
  126  17:08  Viper x2  
  131  17:19  Viper  
  134  17:29  Drone x3  
  137  17:31  Drone x2  
  137  17:36  Overlord, Viper  
  140  17:40  Overlord  
  140  17:41  Overlord  
  141  17:47  Overlord  
  141  17:50  Overlord  
  140  17:52  Viper  
  141  18:09  Viper  
  144  18:28  Spore Crawler x2  
  144  18:30  Spore Crawler  
  144  18:31  Viper  
  144  18:51  Viper  
  147  19:06  Spore Crawler  
  147  19:09  Viper  
  146  19:11  Spore Crawler x2  
  146  19:12  Spore Crawler  
  145  20:42  Spore Crawler x2  
  143  20:43  Spore Crawler  
  143  20:44  Spore Crawler  
  143  20:45  Spore Crawler  
  140  21:41  Spore Crawler x2  
  140  21:42  Spore Crawler x2  
  140  21:45  Spore Crawler x2  
  134  21:52  Spore Crawler  
  133  21:54  Spore Crawler  
  132  22:15  Spore Crawler  
  132  22:16  Spore Crawler  
  126  24:41  Spore Crawler  
  126  24:42  Spore Crawler x2  
  126  24:43  Spore Crawler  
  126  24:44  Spore Crawler  
  121  24:51  Spore Crawler, Drone x2  
  121  24:52  Drone x2  
  124  25:06  Spore Crawler  
  123  25:09  Spore Crawler x2  
  123  25:10  Spore Crawler x2  
  119  25:45  Drone x5  
  119  25:46  Spore Crawler x2  
  119  25:48  Spore Crawler  
  121  27:40  Spore Crawler  
  120  27:57  Spore Crawler  
  119  27:59  Spore Crawler  
  80  34:19  Infestor x27  
  10  38:42  Infestor x5  
Show
View Real Time Build Order
Export as new Build Order

PtitDrogo Protoss 

Build Orders:  

Get SALT Encoding   

  12  0:03  Probe (Chrono Boost)  
  14  0:15  Probe (Chrono Boost)  
  14  0:18  Pylon  
  14  0:27  Probe (Chrono Boost)  
  15  0:31  Assimilator  
  15  0:38  Probe (Chrono Boost)  
  16  0:44  Gateway, Probe (Chrono Boost)  
  17  0:53  Probe (Chrono Boost)  
  17  0:56  Assimilator  
  19  1:05  Probe (Chrono Boost)  
  19  1:11  Gateway  
  19  1:17  Probe (Chrono Boost)  
  20  1:27  Probe (Chrono Boost)  
  20  1:28  Pylon  
  20  1:31  Cybernetics Core  
  21  1:33  Probe (Chrono Boost)  
  22  1:43  Probe (Chrono Boost)  
  24  1:55  Probe (Chrono Boost)  
  24  1:58  Warp Gate  
  24  2:07  Stalker x2  
  24  2:08  Probe (Chrono Boost)  
  29  2:17  Pylon  
  29  2:24  Robotics Facility  
  29  2:27  Probe (Chrono Boost)  
  30  2:37  Stalker  
  30  2:38  Stalker  
  34  3:06  Immortal  
  38  3:16  Pylon  
  38  3:21  Gateway  
  38  3:33  Pylon  
  38  3:38  Pylon  
  38  3:53  Shield Battery  
  38  4:02  Stalker x2  
  42  4:08  Observer  
  43  4:14  Nexus  
  41  4:29  Sentry x2  
  41  4:30  Immortal  
  49  4:33  Shield Battery  
  49  4:37  Stalker  
  44  5:00  Probe (Chrono Boost)  
  44  5:09  Pylon  
  44  5:10  Stalker x2  
  44  5:12  Probe (Chrono Boost)  
  44  5:13  Observer  
  50  5:35  Stalker  
  50  5:36  Stalker x2  
  45  6:00  Adept  
  45  6:13  Probe (Chrono Boost)  
  44  6:26  Zealot  
  44  6:31  Probe (Chrono Boost)  
  44  6:32  Probe (Chrono Boost), Pylon  
  46  6:37  Probe (Chrono Boost)  
  46  6:38  Probe (Chrono Boost)  
  46  6:46  Probe (Chrono Boost)  
  48  6:49  Zealot  
  48  6:51  Zealot  
  48  6:54  Probe (Chrono Boost)  
  54  6:58  Probe (Chrono Boost)  
  54  6:59  Zealot  
  51  7:16  Probe (Chrono Boost)  
  51  7:20  Adept, Probe (Chrono Boost)  
  51  7:21  Adept x2  
  57  7:22  Probe (Chrono Boost)  
  58  7:33  Probe (Chrono Boost)  
  58  7:34  Probe (Chrono Boost)  
  56  7:40  Probe (Chrono Boost)  
  56  7:41  Probe (Chrono Boost)  
  54  8:01  Stalker x2  
  54  8:05  Probe x2 (Chrono Boost)  
  56  8:08  Pylon  
  56  8:09  Assimilator  
  56  8:10  Pylon  
  56  8:11  Assimilator, Pylon  
  56  8:18  Probe x2 (Chrono Boost)  
  58  8:25  Adept x3  
  64  8:30  Probe x2 (Chrono Boost)  
  64  8:33  Immortal  
  66  8:47  Zealot x3  
  61  9:08  Stalker x3  
  53  9:27  Probe x2 (Chrono Boost)  
  55  9:33  Immortal  
  55  9:35  Stalker, Probe (Chrono Boost)  
  55  9:36  Stalker  
  55  9:37  Zealot  
  44  9:49  Probe x2 (Chrono Boost)  
  45  9:54  Pylon  
  45  9:59  Stalker x2  
  46  10:00  Stalker  
  46  10:01  Probe x2 (Chrono Boost)  
  37  10:13  Probe x2 (Chrono Boost)  
  38  10:26  Probe x2 (Chrono Boost)  
  40  10:38  Probe x2 (Chrono Boost)  
  32  10:52  Probe x2 (Chrono Boost)  
  34  10:57  Pylon  
  34  11:10  Sentry  
  36  11:21  Probe x2 (Chrono Boost)  
  38  11:28  Stalker  
  38  11:29  Stalker  
  38  11:30  Probe (Chrono Boost)  
  43  11:42  Stalker  
  43  11:45  Probe (Chrono Boost)  
  46  11:47  Probe (Chrono Boost)  
  46  11:51  Probe (Chrono Boost)  
  47  11:56  Sentry  
  47  11:59  Probe (Chrono Boost)  
  47  12:00  Probe (Chrono Boost)  
  52  12:12  Probe (Chrono Boost)  
  52  12:13  Probe (Chrono Boost)  
  52  12:14  Sentry  
  56  12:22  Stalker  
  58  12:27  Probe (Chrono Boost)  
  58  12:29  Sentry  
  61  12:34  Probe (Chrono Boost)  
  62  12:40  Observer  
  63  12:59  Nexus, Probe (Chrono Boost)  
  63  13:01  Probe (Chrono Boost)  
  63  13:05  Probe (Chrono Boost)  
  65  13:09  Probe (Chrono Boost)  
  67  13:17  Probe (Chrono Boost)  
  68  13:26  Probe (Chrono Boost)  
  69  13:29  Probe (Chrono Boost)  
  70  13:38  Twilight Council  
  70  13:41  Gateway  
  70  13:42  Gateway  
  70  13:45  Forge  
  70  13:50  Probe x2 (Chrono Boost)  
  72  13:57  Probe (Chrono Boost)  
  72  13:58  Probe (Chrono Boost)  
  74  14:04  Pylon  
  74  14:06  Probe (Chrono Boost)  
  74  14:07  Assimilator  
  74  14:08  Protoss Ground Weapons Level 1  
  76  14:10  Probe (Chrono Boost)  
  76  14:11  Assimilator  
  76  14:12  Probe (Chrono Boost)  
  76  14:13  Probe (Chrono Boost)  
  78  14:19  Templar Archives  
  78  14:27  Probe (Chrono Boost)  
  78  14:29  Probe (Chrono Boost)  
  78  14:30  Probe (Chrono Boost)  
  81  14:43  Blink  
  84  14:46  Forge  
  84  14:47  Probe x3 (Chrono Boost)  
  84  14:55  Psionic Storm  
  84  15:02  Probe x2 (Chrono Boost)  
  84  15:03  Probe (Chrono Boost)  
  84  15:07  Protoss Shields Level 1  
  89  15:14  Probe x2 (Chrono Boost)  
  89  15:15  Nexus  
  89  15:19  High Templar x3  
  89  15:20  High Templar  
  97  15:22  High Templar  
  99  15:31  Probe x2 (Chrono Boost)  
  93  15:46  Probe x3 (Chrono Boost)  
  96  15:50  Photon Cannon  
  99  15:57  Protoss Ground Weapons Level 2  
  99  15:58  Probe x3 (Chrono Boost)  
  99  16:03  Pylon  
  99  16:08  High Templar x2  
  99  16:09  High Templar x2  
  99  16:10  Stalker  
  109  16:14  Archon x2  
  109  16:17  Gateway x2  
  109  16:18  Gateway  
  109  16:19  Gateway  
  109  16:22  Pylon  
  109  16:24  Pylon  
  109  16:37  Protoss Shields Level 2  
  109  16:38  Pylon  
  109  16:39  Photon Cannon  
  109  16:41  Photon Cannon, Probe (Chrono Boost)  
  110  16:49  Probe (Chrono Boost)  
  110  16:50  High Templar x2  
  110  16:52  High Templar  
  110  16:53  High Templar  
  119  16:55  Archon  
  119  16:56  Archon  
  119  17:01  Assimilator, Probe (Chrono Boost)  
  120  17:05  Assimilator  
  120  17:13  Probe (Chrono Boost)  
  121  17:25  Probe (Chrono Boost)  
  121  17:28  High Templar x4  
  121  17:29  Zealot x3  
  136  17:30  Zealot x2  
  136  17:32  Archon x2  
  141  17:37  Photon Cannon, Probe (Chrono Boost)  
  141  17:38  Photon Cannon  
  141  17:43  Photon Cannon  
  141  17:49  Probe (Chrono Boost)  
  142  17:52  Photon Cannon  
  142  17:55  Photon Cannon x2  
  142  17:59  High Templar x4  
  142  18:01  Probe (Chrono Boost)  
  142  18:03  Archon x2  
  146  18:16  Observer  
  91  18:41  Photon Cannon  
  91  18:43  Photon Cannon x2  
  91  18:44  Photon Cannon  
  91  18:46  Photon Cannon  
  91  18:48  Photon Cannon  
  83  18:49  Photon Cannon  
  55  19:01  Stalker x2  
  13  19:10  Stalker x5  
  13  19:31  Stalker  
  13  19:37  Stalker  
  13  19:38  Stalker  
  18  20:09  Stalker x3  
Show
View Real Time Build Order
Export as new Build Order

Socke Protoss 

Build Orders: Blink Stalkers 

Get SALT Encoding   

  12  0:02  Probe (Chrono Boost)  
  14  0:14  Probe (Chrono Boost)  
  14  0:18  Pylon  
  14  0:26  Probe (Chrono Boost)  
  15  0:32  Probe (Chrono Boost)  
  15  0:39  Gateway  
  15  0:40  Probe (Chrono Boost)  
  17  0:46  Assimilator  
  17  0:53  Probe (Chrono Boost)  
  18  0:57  Assimilator  
  19  1:05  Probe (Chrono Boost)  
  19  1:17  Probe (Chrono Boost)  
  20  1:28  Cybernetics Core  
  20  1:29  Probe (Chrono Boost)  
  23  1:34  Pylon  
  22  1:47  Probe (Chrono Boost)  
  22  1:59  Probe (Chrono Boost)  
  23  2:01  Stalker  
  23  2:03  Warp Gate  
  23  2:04  Pylon  
  25  2:10  Twilight Council  
  25  2:11  Probe (Chrono Boost)  
  26  2:23  Gateway  
  26  2:35  Shield Battery  
  28  2:41  Pylon  
  28  2:58  Probe (Chrono Boost)  
  28  3:02  Stalker  
  28  3:05  Pylon  
  27  3:08  Pylon  
  27  3:10  Stalker  
  29  3:18  Pylon  
  28  3:28  Blink, Probe (Chrono Boost)  
  27  3:40  Probe (Chrono Boost)  
  26  3:59  Probe (Chrono Boost)  
  27  4:06  Stalker x2  
  31  4:11  Robotics Facility  
  31  4:21  Probe (Chrono Boost)  
  32  4:33  Gateway  
  32  4:44  Pylon  
  31  4:50  Observer  
  31  4:51  Stalker x2  
  31  5:08  Probe (Chrono Boost)  
  31  5:14  Probe (Chrono Boost)  
  32  5:22  Probe (Chrono Boost)  
  33  5:32  Stalker  
  33  5:34  Probe (Chrono Boost)  
  36  5:45  Stalker  
  36  5:46  Probe (Chrono Boost)  
  34  5:58  Probe (Chrono Boost)  
  34  6:10  Probe (Chrono Boost)  
  34  6:11  Stalker  
  37  6:18  Stalker  
  39  6:19  Warp Prism  
  39  6:22  Probe (Chrono Boost)  
  42  6:40  Zealot  
  42  6:41  Zealot  
  46  6:50  Shield Battery  
  42  7:04  Stalker x2  
  46  7:10  Immortal  
  48  7:24  Zealot  
Show
View Real Time Build Order
Export as new Build Order

DeMusliM Terran 

Build Orders: Command Center First (CC) 

Get SALT Encoding   

  12  0:01  SCV  
  13  0:13  SCV  
  14  0:21  Supply Depot  
  14  0:25  SCV  
  15  0:43  SCV  
  16  0:55  SCV  
  17  1:03  Command Center  
  17  1:07  SCV  
  17  1:11  Refinery  
  18  1:19  SCV  
  18  1:22  Barracks  
  19  1:31  SCV  
  20  1:36  Refinery  
  20  1:43  SCV  
  21  1:55  SCV  
  22  2:10  Factory, Orbital Command  
  22  2:24  Barracks Reactor  
  22  2:38  Factory  
  22  2:41  Barracks  
  22  2:48  Bunker  
  22  2:54  SCV  
  23  3:06  SCV  
  23  3:11  Hellion x2  
  28  3:13  Barracks Tech Lab  
  28  3:19  SCV  
  29  3:26  Supply Depot  
  29  3:31  SCV  
  30  3:37  Orbital Command  
  30  3:43  SCV  
  30  3:45  Siege Tank  
  34  3:49  Supply Depot  
  34  3:52  Cyclone  
  34  3:54  Cyclone  
  40  3:57  SCV  
  40  4:02  SCV  
  42  4:08  Supply Depot  
  42  4:12  Supply Depot  
  42  4:14  SCV  
  43  4:17  Siege Tank  
  43  4:22  SCV  
  47  4:26  SCV  
  47  4:30  Hellion x2  
  49  4:40  Engineering Bay  
  47  4:47  SCV  
  47  4:50  Siege Tank  
  51  4:53  Hellion x2  
  51  4:58  SCV  
  56  5:03  Infernal Pre-Igniter  
  56  5:08  Missile Turret  
  56  5:10  Missile Turret, SCV  
  57  5:18  Hellion  
  57  5:19  Hellion  
  57  5:21  SCV  
  62  5:22  SCV  
  62  5:28  Siege Tank  
  66  5:38  Supply Depot  
  66  5:40  Supply Depot  
  66  5:41  SCV  
  64  5:56  SCV  
  65  6:08  Armory x2, SCV  
  63  6:20  SCV  
  63  6:24  Siege Tank  
  63  6:25  Hellion x2  
  71  6:32  SCV  
  72  6:35  Missile Turret  
  72  6:37  Refinery  
  72  6:38  Refinery  
  72  6:41  Orbital Command  
  72  6:44  Supply Depot, SCV  
  72  6:45  Supply Depot  
  71  6:56  SCV  
  71  6:59  Siege Tank  
  75  7:06  Terran Vehicle Weapons Level 1  
  75  7:08  SCV  
  75  7:14  SCV  
  75  7:21  SCV  
  76  7:23  Refinery  
  76  7:26  SCV  
  77  7:33  SCV  
  78  7:38  SCV  
  78  7:40  Hellion x2, Siege Tank  
  84  7:45  SCV  
  84  7:50  SCV  
  86  7:57  SCV  
  87  8:02  SCV  
  88  8:09  Factory x2, SCV  
  89  8:15  SCV  
  89  8:17  Missile Turret  
  89  8:18  Missile Turret  
  89  8:19  Siege Tank  
  93  8:20  Cyclone  
  93  8:26  SCV  
  97  8:27  SCV  
  97  8:29  Hellion  
  100  8:36  Supply Depot  
  100  8:37  Supply Depot  
  100  8:39  Command Center  
  100  8:45  SCV x2  
  102  8:53  Factory Tech Lab  
  102  8:54  Factory Tech Lab  
  102  8:55  Factory  
  102  8:57  SCV x2  
  100  9:11  Hellion x2, Siege Tank  
  100  9:14  Terran Vehicle Weapons Level 2, Terran Vehicle And Ship Armor Level 1  
  107  9:23  Thor  
  113  9:24  Hellion  
  113  9:29  SCV  
  113  9:30  SCV  
  117  9:42  SCV  
  118  9:50  SCV  
  118  9:51  Hellion, Siege Tank  
  114  10:08  SCV x2  
  114  10:11  Factory Tech Lab  
  105  10:15  Factory Reactor  
  106  10:22  Hellion x3  
  106  10:26  SCV  
  106  10:27  SCV  
  106  10:28  Orbital Command  
  113  10:35  Thor x2  
  125  10:53  Siege Tank  
  125  10:54  Hellion x2  
  132  11:09  Orbital Command  
  132  11:19  Supply Depot  
  132  11:21  Supply Depot  
  132  11:24  Hellion  
  132  11:40  Hellion x3, Siege Tank  
  132  11:43  Siege Tank x2  
  147  11:50  SCV x2  
  147  11:52  Supply Depot  
  147  11:53  Supply Depot  
  149  11:54  Supply Depot  
  149  12:00  Terran Vehicle Weapons Level 3  
  149  12:03  Refinery, Hellion  
  134  12:14  SCV x2  
  131  12:23  Command Center  
  130  12:35  SCV  
  119  12:53  Supply Depot  
  119  12:54  Supply Depot  
  119  12:55  SCV  
  120  13:07  SCV  
  121  13:12  Command Center  
  121  13:19  SCV  
  122  13:24  Thor  
  128  13:32  SCV  
  129  13:42  Orbital Command  
  129  13:44  SCV  
  130  13:56  SCV  
  130  13:57  Supply Depot  
  131  14:08  SCV  
  131  14:09  SCV  
  133  14:13  Engineering Bay  
  133  14:20  SCV  
  133  14:21  SCV  
  135  14:32  SCV  
  135  14:33  SCV  
  135  14:36  Orbital Command  
  137  14:40  Refinery, Terran Vehicle And Ship Armor Level 2  
  137  14:42  Thor  
  143  14:49  Refinery  
  143  14:50  Refinery  
  143  15:05  Missile Turret  
  143  15:07  Command Center  
  143  15:40  Thor, Hellion x2  
  133  16:06  Command Center  
  133  16:19  Thor  
  133  16:20  Thor  
  145  16:37  Thor  
  151  16:45  Orbital Command  
  151  16:48  Building Armor  
  151  16:55  SCV x3  
  154  17:17  Missile Turret  
  154  17:32  SCV  
  154  17:33  SCV x2  
  154  17:34  SCV  
  158  17:40  Command Center  
  158  17:44  SCV  
  158  17:45  Terran Vehicle And Ship Armor Level 3  
  162  18:11  Thor  
  138  18:24  SCV x4  
  142  18:39  Thor  
  138  18:54  Orbital Command  
  138  18:59  SCV  
  139  19:13  Refinery, Thor  
  139  19:14  Refinery  
  145  19:20  Hellion x3  
  145  19:22  Thor  
  157  19:31  SCV x3  
  151  19:34  SCV  
  153  19:39  Refinery  
  153  19:43  Refinery  
  153  19:57  SCV x2  
  155  20:00  Thor  
  155  20:03  SCV  
  155  20:04  SCV  
  163  20:09  SCV  
  164  20:26  Engineering Bay  
  164  20:28  SCV x2  
  165  20:33  Thor, Engineering Bay  
  165  20:35  Hellion x2  
  175  21:01  Orbital Command  
  175  21:03  Thor  
  181  21:07  Missile Turret  
  181  21:16  Thor  
  185  21:21  Missile Turret  
  182  21:25  SCV  
  182  21:26  SCV  
  183  21:49  SCV x2  
  183  21:50  SCV  
  186  22:06  Missile Turret  
  186  22:07  Missile Turret  
  186  22:11  Supply Depot  
  186  22:13  Supply Depot  
  186  22:23  Supply Depot  
  186  22:28  Missile Turret  
  186  22:31  Starport  
  186  22:33  SCV x5  
  191  22:45  Missile Turret  
  191  22:46  Hi-Sec Auto Tracking  
  191  22:56  Thor  
  197  23:03  Missile Turret, Planetary Fortress  
  197  23:04  Missile Turret  
  197  23:09  Starport Reactor  
  197  23:17  Missile Turret  
  197  23:21  Missile Turret  
  197  23:22  Missile Turret  
  197  23:40  Barracks  
  197  23:44  Refinery  
  197  23:46  Refinery  
  197  23:54  Missile Turret  
  197  24:00  Refinery x2  
  197  24:06  Barracks  
  197  24:27  Barracks Tech Lab  
  184  25:22  Barracks Tech Lab  
  184  25:23  Factory  
  184  25:24  Factory  
  184  25:25  Factory  
  79  26:06  Orbital Command  
  67  26:23  Factory Tech Lab x3  
  66  26:31  Factory x2  
  66  26:32  Factory  
  66  26:40  Armory  
  66  27:06  Supply Depot  
  66  27:07  Supply Depot x2  
  66  27:09  Supply Depot  
  66  27:16  Factory Tech Lab x3  
  66  27:26  Supply Depot  
  66  27:28  Supply Depot, Thor x2  
  66  27:29  Thor  
  84  27:34  Thor  
  84  27:35  Thor x2  
  100  27:56  Orbital Command  
  100  28:06  Missile Turret  
  100  28:07  Missile Turret x3  
  100  28:09  Missile Turret  
  100  28:10  Missile Turret  
  100  28:11  Thor x2  
  112  28:15  Viking x2  
  112  28:16  Terran Ship Weapons Level 1  
  116  28:26  Thor  
  116  28:29  Thor  
  112  28:36  Thor  
  116  28:42  Factory Tech Lab  
  116  28:51  Supply Depot x2  
  116  28:53  Supply Depot  
  116  28:55  Supply Depot  
  116  28:58  Supply Depot  
  116  29:00  Supply Depot, Viking x2  
  117  29:07  Supply Depot  
  117  29:09  Supply Depot  
  117  29:12  Thor  
  117  29:13  Thor  
  117  29:14  Thor x2  
  117  29:17  Thor  
  141  29:21  Thor  
  141  29:23  Supply Depot  
  153  29:26  Supply Depot  
  153  29:33  Viking  
  153  29:35  Viking  
  157  30:13  Terran Ship Weapons Level 2  
  157  30:19  Command Center  
  155  30:50  Viking  
  155  30:51  Viking  
  155  30:53  Orbital Command  
  159  31:20  SCV x3  
  162  31:26  Viking  
  162  31:27  Viking  
  166  31:56  Viking x2  
  166  31:57  Command Center  
  170  32:15  Starport  
  170  32:26  Viking x2  
  174  32:32  Orbital Command  
  174  32:35  Terran Ship Weapons Level 3  
  174  32:56  Siege Tank x3  
  183  33:08  Starport Reactor  
  183  33:44  Medivac x2  
  183  33:46  Siege Tank x2  
  183  33:47  Medivac, Siege Tank  
  180  34:48  Viking  
  180  34:49  Viking  
  184  35:12  Ghost Academy  
  184  35:38  Hellion x2  
  184  36:14  Ghost  
  186  36:26  Orbital Command  
  186  36:34  Nuke  
  186  36:43  Ghost  
  182  37:04  Viking x2  
  178  37:44  Viking  
  178  37:45  Viking  
  182  37:51  Orbital Command  
  141  38:40  Viking  
  104  38:59  Viking  
Show
View Real Time Build Order
Export as new Build Order

Neeblet Protoss 

Build Orders: Carriers 

Get SALT Encoding   

  12  0:03  Probe (Chrono Boost)  
  14  0:15  Probe (Chrono Boost)  
  14  0:18  Pylon  
  14  0:27  Probe (Chrono Boost)  
  15  0:33  Probe (Chrono Boost)  
  15  0:37  Gateway  
  15  0:41  Probe (Chrono Boost)  
  16  0:46  Assimilator  
  17  0:53  Probe (Chrono Boost)  
  17  0:54  Assimilator  
  19  1:05  Probe (Chrono Boost)  
  19  1:10  Pylon  
  19  1:17  Probe (Chrono Boost)  
  20  1:23  Probe (Chrono Boost)  
  20  1:24  Cybernetics Core  
  20  1:31  Probe (Chrono Boost)  
  22  1:44  Probe (Chrono Boost)  
  24  1:56  Probe (Chrono Boost)  
  24  1:58  Stalker  
  24  2:00  Robotics Facility  
  24  2:01  Pylon  
  24  2:02  Warp Gate  
  24  2:08  Probe (Chrono Boost)  
  27  2:20  Probe (Chrono Boost)  
  28  2:24  Stalker  
  30  2:32  Probe (Chrono Boost)  
  31  2:37  Pylon  
  31  2:47  Warp Prism  
  33  2:54  Stalker  
  35  3:02  Gateway  
  35  3:13  Gateway  
  35  3:16  Stargate  
  35  3:29  Shield Battery  
  35  3:30  Probe (Chrono Boost)  
  35  3:32  Observer  
  37  3:51  Nexus  
  37  3:52  Shield Battery  
  37  3:54  Observer  
  37  3:55  Observer, Probe (Chrono Boost)  
  39  4:02  Pylon  
  39  4:12  Probe (Chrono Boost)  
  41  4:25  Probe (Chrono Boost)  
  41  4:26  Observer  
  42  4:31  Fleet Beacon  
  42  4:37  Probe (Chrono Boost), Sentry  
  45  4:49  Probe (Chrono Boost)  
  45  4:50  Shield Battery  
  46  4:55  Pylon  
  47  5:01  Probe (Chrono Boost)  
  47  5:09  Assimilator  
  47  5:11  Probe (Chrono Boost)  
  47  5:13  Assimilator  
  48  5:17  Probe (Chrono Boost)  
  48  5:20  Mothership (Chrono Boost)  
  48  5:28  Probe (Chrono Boost)  
  58  5:36  Forge  
  58  5:40  Probe (Chrono Boost)  
  59  5:47  Stalker x2  
  63  5:52  Probe (Chrono Boost)  
  63  5:54  Pylon  
  64  6:02  Carrier  
  69  6:04  Probe (Chrono Boost)  
  69  6:16  Probe (Chrono Boost)  
  72  6:24  Nexus  
  72  6:34  Stargate  
  72  6:39  Pylon  
  72  6:51  Probe (Chrono Boost)  
  73  6:59  Probe (Chrono Boost)  
  73  7:00  Carrier  
  74  7:03  Probe (Chrono Boost)  
  75  7:10  Stalker x2  
  75  7:11  Probe (Chrono Boost)  
  81  7:15  Probe (Chrono Boost)  
  81  7:18  Assimilator  
  81  7:22  Assimilator  
  87  7:23  Probe (Chrono Boost)  
  87  7:24  Observer  
  87  7:26  Carrier  
  87  7:28  Photon Cannon, Probe (Chrono Boost)  
  95  7:39  Probe (Chrono Boost)  
  95  7:43  Probe x2 (Chrono Boost)  
  99  7:51  Probe (Chrono Boost)  
  99  7:55  Probe (Chrono Boost)  
  99  7:56  Probe (Chrono Boost)  
  99  7:59  Protoss Air Weapons Level 1, Graviton Catapult  
  99  8:03  Probe (Chrono Boost)  
  100  8:06  Probe (Chrono Boost)  
  100  8:07  Probe (Chrono Boost)  
  100  8:13  Probe (Chrono Boost)  
  100  8:15  Probe (Chrono Boost)  
  100  8:20  Pylon  
  100  8:21  Carrier  
  100  8:25  Probe (Chrono Boost)  
  102  8:27  Probe (Chrono Boost)  
  102  8:29  Stargate  
  108  8:37  Probe (Chrono Boost)  
  108  8:40  Probe (Chrono Boost)  
  110  8:41  Carrier  
  110  8:47  Shield Battery  
  116  8:56  Protoss Shields Level 1  
  116  9:00  Cybernetics Core  
  116  9:01  Photon Cannon  
  116  9:05  Photon Cannon  
  116  9:27  Protoss Air Armor Level 1  
  116  9:33  Gateway  
  116  9:48  Photon Cannon  
  116  9:50  Photon Cannon  
  116  9:51  Photon Cannon  
  116  9:53  Pylon  
  116  9:56  Shield Battery  
  116  9:57  Photon Cannon  
  116  10:02  Photon Cannon  
  116  10:13  Protoss Air Weapons Level 2  
  122  10:18  Carrier  
  122  10:20  Pylon  
  122  10:29  Pylon  
  122  10:30  Pylon  
  122  10:31  Pylon  
  122  10:34  Carrier, Pylon  
  122  10:35  Pylon  
  128  10:49  Stargate  
  128  11:00  Gateway  
  128  11:05  Twilight Council  
  128  11:09  Photon Cannon, Pylon  
  128  11:10  Photon Cannon x2, Protoss Air Armor Level 2, Pylon  
  128  11:15  Photon Cannon  
  128  11:17  Stargate  
  128  11:25  Stargate  
  122  11:28  Pylon  
  122  11:31  Pylon  
  122  11:34  Carrier, Pylon  
  122  11:37  Carrier  
  134  11:59  Sentry x2  
  134  12:00  Carrier  
  144  12:04  Carrier, Gateway  
  144  12:05  Photon Cannon  
  144  12:06  Photon Cannon  
  144  12:08  Photon Cannon  
  150  12:20  Protoss Air Weapons Level 3  
  150  12:40  Shield Battery  
  150  12:43  Carrier  
  150  12:44  Photon Cannon, Shield Battery  
  150  12:48  Shield Battery  
  150  12:53  Carrier  
  162  13:11  Templar Archives  
  162  13:26  Carrier  
  168  13:30  Carrier  
  156  13:58  Protoss Air Armor Level 3  
  156  14:05  Carrier  
  156  14:07  Psionic Storm  
  162  14:18  Carrier  
  162  14:22  Photon Cannon x2  
  162  14:23  Photon Cannon  
  168  14:24  Photon Cannon  
  168  14:25  Photon Cannon  
  168  14:27  Photon Cannon  
  168  14:50  Shield Battery  
  168  14:51  Carrier  
  168  14:52  Shield Battery  
  174  14:55  Oracle  
  174  14:56  Shield Battery  
  174  14:57  Shield Battery x2  
  185  15:44  Nexus  
  190  16:01  Pylon  
  190  16:04  Pylon  
  196  16:19  Pylon  
  196  16:43  Protoss Shields Level 2  
  196  16:46  Assimilator  
  196  16:51  Assimilator  
  196  16:52  Photon Cannon  
  180  16:54  Photon Cannon  
  180  16:55  Anion Pulse-Crystals  
  180  16:57  Photon Cannon  
  180  16:59  Photon Cannon  
  180  17:02  Photon Cannon  
  180  17:13  Tempest  
  180  17:14  Tempest x3, Nexus  
  196  17:16  Pylon  
  196  17:35  Robotics Facility  
  196  17:42  Pylon  
  196  17:45  Pylon  
  196  17:48  Nexus  
  196  17:50  Observer  
  197  17:53  Photon Cannon  
  197  17:55  Photon Cannon x2  
  197  17:58  Assimilator  
  196  18:35  Observer  
  197  19:20  Assimilator  
  196  20:35  Assimilator x2  
  181  20:51  Probe (Chrono Boost)  
  177  21:03  Probe (Chrono Boost)  
  178  21:14  Protoss Shields Level 3  
  178  21:15  Probe (Chrono Boost)  
  179  21:19  Zealot x2  
  179  21:20  Zealot x2  
  186  21:28  Probe (Chrono Boost)  
  186  21:40  Probe (Chrono Boost)  
  186  21:44  Nexus  
  186  21:45  Pylon  
  186  21:46  Pylon  
  182  21:52  Probe (Chrono Boost)  
  183  22:04  Probe (Chrono Boost)  
  183  22:07  Photon Cannon  
  183  22:08  Photon Cannon x2  
  183  22:09  Photon Cannon x2  
  183  22:10  Photon Cannon x3  
  183  22:11  Photon Cannon x4  
  183  22:12  Photon Cannon x3  
  183  22:13  Photon Cannon  
  181  22:18  Pylon  
  181  22:19  Pylon  
  181  22:20  Probe (Chrono Boost)  
  180  22:32  Probe (Chrono Boost)  
  180  22:44  Probe (Chrono Boost)  
  178  22:56  Probe (Chrono Boost)  
  178  22:57  Photon Cannon  
  175  22:58  Photon Cannon  
  175  23:02  Photon Cannon x2  
  175  23:05  Photon Cannon x2  
  173  23:06  Photon Cannon  
  173  23:08  Photon Cannon, Probe (Chrono Boost)  
  173  23:11  Photon Cannon  
  173  23:12  High Templar x4, Photon Cannon x2  
  182  23:13  Photon Cannon  
  182  23:15  Photon Cannon  
  182  24:16  Protoss Ground Armor Level 1  
  182  24:17  Assimilator  
  182  24:23  Assimilator  
  182  24:42  Robotics Bay  
  182  24:55  Mothership (Chrono Boost)  
  174  25:35  Carrier x4  
  131  26:15  Protoss Ground Armor Level 2  
  131  26:20  Stargate  
  131  26:21  Stargate  
  131  26:22  Stargate  
  131  26:23  Stargate  
  131  26:26  Stargate  
  131  26:28  Zealot x4  
  139  26:54  Photon Cannon  
  139  26:56  Photon Cannon  
  139  26:58  Photon Cannon  
  139  26:59  Photon Cannon  
  139  27:01  Photon Cannon  
  145  27:02  Photon Cannon  
  145  27:03  Photon Cannon  
  145  27:05  Photon Cannon x3  
  145  27:06  Photon Cannon  
  145  27:08  Pylon  
  163  27:09  Photon Cannon  
  163  27:10  Pylon  
  163  27:15  Photon Cannon, Pylon  
  161  27:19  Probe x3 (Chrono Boost)  
  161  27:20  Probe x2 (Chrono Boost)  
  172  27:55  Tempest x5  
  172  27:56  Tempest x2  
  178  28:11  Tempest  
  178  28:12  Nexus x2  
  184  28:14  Nexus, Tempest  
  184  28:16  Nexus  
  190  28:28  Nexus  
  190  28:51  Probe (Chrono Boost)  
  190  28:52  Probe x4 (Chrono Boost)  
  195  28:58  Observer x2  
  198  29:04  Protoss Ground Armor Level 3, Probe (Chrono Boost)  
  198  29:07  Observer Gravitic Boosters  
  198  29:35  Nexus  
  195  30:04  Gravitic Drive  
  195  30:09  Oracle  
  198  30:34  Observer x2  
  200  30:48  Nexus  
  200  30:50  Pylon  
  200  31:10  Photon Cannon x2, Observer  
  200  31:12  Photon Cannon  
  200  31:13  Photon Cannon  
  200  31:16  Photon Cannon x2  
  200  31:17  Photon Cannon  
  200  31:18  Photon Cannon x2  
  200  31:22  Photon Cannon  
  200  31:23  Photon Cannon  
  200  31:26  Pylon  
  200  32:01  Photon Cannon  
  199  32:02  Photon Cannon  
  193  32:27  Tempest x2  
  175  32:56  Tempest x3  
  175  32:57  Tempest x3  
  187  33:01  Tempest  
  187  33:10  Tempest x2  
  198  33:29  Tempest x3  
  198  34:29  Oracle x2  
  198  34:30  Observer  
  200  34:37  Observer  
  194  35:10  Probe (Chrono Boost)  
  193  35:22  Probe (Chrono Boost)  
  188  35:29  Probe (Chrono Boost)  
  188  35:34  Tempest x2, Probe (Chrono Boost)  
  198  35:41  Probe (Chrono Boost)  
  199  35:44  Pylon  
  199  35:46  Probe (Chrono Boost)  
  199  35:53  Probe (Chrono Boost)  
  199  35:58  Probe (Chrono Boost)  
  200  36:06  Probe (Chrono Boost)  
  194  36:44  Tempest  
  189  37:26  Assimilator  
  189  37:30  Mothership (Chrono Boost)  
  189  37:31  Assimilator  
  189  37:32  Carrier  
  175  38:20  Tempest x5  
  193  38:28  Tempest  
  187  38:53  Tempest x2  
  187  38:56  Zealot x3  
  187  38:57  Zealot, Tempest  
  189  39:04  Tempest x2  
  195  39:20  Tempest  
  195  39:23  Tempest  
  195  39:25  Tempest  
  195  39:29  Tempest  
  195  39:51  Assimilator x2  
  195  39:52  Photon Cannon  
  195  39:53  Photon Cannon  
  195  39:54  Photon Cannon  
Show
View Real Time Build Order
Export as new Build Order

Stats Protoss - Winner!

Build Orders: Carriers, Chargelot Immortal, Dark Templar Rush 

Get SALT Encoding   

  12  0:02  Probe (Chrono Boost)  
  14  0:14  Probe (Chrono Boost)  
  14  0:21  Pylon  
  14  0:26  Probe (Chrono Boost)  
  15  0:35  Probe (Chrono Boost)  
  16  0:43  Gateway, Probe (Chrono Boost)  
  16  0:47  Assimilator  
  17  0:54  Probe (Chrono Boost)  
  17  0:55  Assimilator  
  18  1:00  Probe (Chrono Boost)  
  18  1:10  Probe (Chrono Boost)  
  20  1:20  Gateway  
  20  1:22  Probe (Chrono Boost)  
  22  1:33  Cybernetics Core  
  22  1:34  Probe (Chrono Boost)  
  22  1:42  Pylon  
  22  1:46  Probe (Chrono Boost)  
  23  1:50  Warp Gate  
  24  2:02  Probe (Chrono Boost)  
  24  2:11  Stalker  
  24  2:12  Twilight Council  
  26  2:17  Stalker  
  26  2:21  Probe (Chrono Boost)  
  29  2:22  Pylon  
  29  2:42  Nexus  
  29  2:52  Dark Shrine  
  30  2:58  Shield Battery, Probe (Chrono Boost)  
  30  3:11  Probe (Chrono Boost)  
  31  3:14  Shield Battery  
  31  3:18  Gateway  
  31  3:23  Probe (Chrono Boost)  
  33  3:35  Probe (Chrono Boost)  
  33  3:37  Robotics Facility  
  33  3:47  Probe (Chrono Boost)  
  35  3:56  Probe (Chrono Boost)  
  35  3:59  Probe (Chrono Boost)  
  36  4:04  Pylon  
  36  4:07  Dark Templar  
  36  4:08  Probe (Chrono Boost)  
  36  4:09  Dark Templar  
  41  4:11  Probe (Chrono Boost)  
  42  4:20  Probe (Chrono Boost)  
  42  4:23  Immortal, Probe (Chrono Boost)  
  44  4:25  Dark Templar  
  47  4:32  Shield Battery, Probe (Chrono Boost)  
  47  4:36  Probe (Chrono Boost)  
  52  4:44  Probe (Chrono Boost)  
  53  4:48  Probe (Chrono Boost)  
  53  4:49  Immortal  
  54  4:56  Probe (Chrono Boost)  
  54  5:00  Probe (Chrono Boost)  
  54  5:01  Assimilator, Forge  
  54  5:05  Assimilator  
  58  5:07  Pylon  
  58  5:19  Probe x2 (Chrono Boost)  
  58  5:21  Charge  
  60  5:24  Shield Battery  
  60  5:29  Gateway, Observer  
  60  5:31  Gateway  
  60  5:34  Gateway  
  61  5:35  Protoss Ground Weapons Level 1  
  61  5:36  Sentry  
  61  5:37  Zealot x2  
  67  5:44  Warp Prism, Pylon  
  69  5:58  Pylon  
  69  6:06  Zealot x3  
  69  6:09  Pylon  
  75  6:11  Pylon  
  75  6:31  Sentry x2  
  75  6:32  Zealot x4  
  87  6:39  Immortal  
  91  6:42  Pylon  
  87  7:05  Zealot x6  
  95  7:19  Immortal  
  89  7:27  Zealot x6, Templar Archives  
  97  7:37  Protoss Ground Weapons Level 2  
  97  7:53  Zealot x6  
  105  8:12  Stargate  
  105  8:15  Nexus, Pylon  
  80  8:57  Zealot x6  
  80  9:01  Probe x2 (Chrono Boost)  
  76  9:12  Stargate  
  76  9:14  Fleet Beacon, Stargate  
  74  9:28  Oracle  
  68  9:40  Probe x3 (Chrono Boost)  
  68  9:48  Dark Templar x2  
  68  9:49  Dark Templar x3  
  78  9:53  Protoss Air Weapons Level 1  
  78  9:55  Dark Templar  
  80  10:00  Carrier  
  80  10:01  Assimilator  
  80  10:03  Assimilator, Probe (Chrono Boost)  
  80  10:04  Probe (Chrono Boost)  
  80  10:06  Carrier, Probe (Chrono Boost)  
  95  10:40  Probe x3 (Chrono Boost)  
  98  10:42  Nexus  
  98  10:43  Carrier  
  98  11:13  Pylon  
  98  11:17  Pylon  
  98  11:24  Mothership (Chrono Boost)  
  98  11:27  Zealot x5  
  98  11:28  Carrier  
  98  11:31  Graviton Catapult  
  98  11:32  Phoenix  
  108  11:36  Carrier  
  120  12:02  Carrier  
  116  12:10  Protoss Air Weapons Level 2  
  110  12:34  Probe x3 (Chrono Boost)  
  109  12:45  Assimilator  
  109  12:46  Probe x2 (Chrono Boost)  
  109  12:47  Probe (Chrono Boost)  
  109  12:50  Assimilator  
  120  12:58  Probe x2 (Chrono Boost)  
  120  13:00  Probe (Chrono Boost)  
  120  13:03  Probe (Chrono Boost)  
  120  13:04  Carrier  
  127  13:10  Probe (Chrono Boost)  
  127  13:11  Carrier, Probe (Chrono Boost)  
  129  13:16  Pylon  
  129  13:17  Pylon  
  129  13:19  Pylon x3  
  100  13:47  Pylon  
  100  13:48  Pylon  
  88  13:54  Pylon  
  85  13:57  Pylon  
  85  14:15  Carrier  
  85  14:23  Carrier  
  79  14:25  Stargate x2  
  79  14:26  Stargate  
  85  14:37  Mothership (Chrono Boost)  
  44  15:28  Nexus  
  36  17:25  Probe (Chrono Boost)  
  37  17:33  Probe (Chrono Boost)  
  39  17:45  Probe (Chrono Boost)  
  39  17:50  Pylon  
  39  18:10  Probe (Chrono Boost)  
  40  18:22  Probe (Chrono Boost)  
  42  18:34  Probe (Chrono Boost)  
  42  18:46  Probe (Chrono Boost)  
  43  18:58  Probe (Chrono Boost)  
  44  19:10  Probe (Chrono Boost)  
  45  19:17  Probe (Chrono Boost)  
  46  19:29  Probe (Chrono Boost)  
  29  20:18  Probe (Chrono Boost)  
  29  20:25  Probe (Chrono Boost)  
  31  20:29  Gateway  
  31  20:37  Probe (Chrono Boost)  
  32  20:45  Nexus  
  32  20:46  Pylon  
  32  20:49  Probe (Chrono Boost)  
  33  21:02  Probe (Chrono Boost)  
  34  21:08  Probe (Chrono Boost)  
  34  21:16  Probe (Chrono Boost)  
  36  21:37  Probe (Chrono Boost)  
  36  21:38  Cybernetics Core  
  37  21:44  Pylon  
  37  21:49  Probe (Chrono Boost)  
  37  21:57  Probe (Chrono Boost)  
  38  22:04  Probe (Chrono Boost)  
  40  22:16  Probe (Chrono Boost)  
  40  22:28  Probe (Chrono Boost)  
  41  22:36  Nexus  
  40  23:00  Nexus  
  27  24:10  Probe (Chrono Boost)  
  19  24:56  Nexus  
  17  25:15  Nexus  
  14  27:28  Pylon  
  14  29:35  Probe (Chrono Boost)  
  14  29:43  Probe (Chrono Boost)  
  16  30:17  Probe (Chrono Boost)  
  17  30:33  Probe (Chrono Boost)  
  9  37:38  Nexus  
  9  38:50  Probe (Chrono Boost)  
  10  38:57  Probe (Chrono Boost)  
  11  39:09  Probe (Chrono Boost)  
  12  39:21  Probe (Chrono Boost)  
Tags
 
Add a new tag
Caveats
  • Supply blocks, unpowered buildings, or Contaminate may cause inaccurate times.
  • Supply counts are checked every 10 seconds.